 Dungeon Crawl Stone Soup version 0.28.0-53-g5a82cb258f (webtiles) character file.

Game seed: 1772750236735074733

1515689 fictitious the Invulnerable (level 26, 251/251 HPs)
             Began as a Minotaur Gladiator on June 3, 2022.
             Was a High Priest of Jiyva.
             Escaped with the Orb
             ... and 3 runes!
             The game lasted 04:38:49 (86379 turns).

fictitious the Invulnerable (Minotaur Gladiator)   Turns: 86379, Time: 04:38:49

Health: 251/251    AC: 51    Str: 34    XL:     26   Next: 58%
Magic:  26/26      EV: 17    Int: 13    God:    Jiyva [*****.]
Gold:   2268       SH:  8    Dex: 12    Spells: 25/25 levels left

rFire   + . .      SeeInvis +   a - +8 battleaxe (vorpal)
rCold   + + .      Faith    .   (shield currently unavailable)
rNeg    + . .      Spirit   +   r - +8 crystal plate armour of the Eternal Fruit {rF+ Str+6 Dex-3}
rPois   +          Reflect  .   f - +2 hat
rElec   +          Harm     .   W - +2 cloak {rPois}
rCorr   +          Rampage  .   z - +2 pair of gloves of Gravitas {rElec SInv}
Will    +++..                   D - +0 pair of boots of Noddu {rC++ Will+}
Stlth   ..........              w - brooch of Shielding {Spirit SH+8}
HPRegen 1.95/turn               T - ring "Wyagit" {rElec rN+ rCorr Int+8}
MPRegen 0.65/turn               Z - ring "Ifyesch" {rPois Will+ Dex+2}

@: studying Throwing
A: horns 2, retaliatory headbutt, talons 1, clumsy 1, deterioration 1, low MP 1,
screaming 1, subdued magic 1, MP-powered wands, devolution 1
0: Orb of Zot
}: 3/15 runes: decaying, silver, gossamer
a: Renounce Religion, Oozemancy, Slimify


You escaped.
You worshipped Jiyva.
Jiyva was extremely pleased with you.
You visited 11 branches of the dungeon, and saw 54 of its levels.
You also visited: Gauntlet.

You collected 9272 gold pieces.
You spent 7004 gold pieces at shops.

Inventory:

Hand Weapons
 a - a +8 vorpal battleaxe (weapon)
 b - a +0 hand axe of flaming
 l - the +6 dagger "Tiruf" {vamp, Fly rElec rF- rN+++}
   (You found it on level 3 of the Depths)

   It occasionally heals its wielder for a portion of the damage dealt when it
   wounds a living foe.
   rF:        It makes you vulnerable to fire.
   rElec:     It insulates you from electricity.
   rN:        It renders you almost immune to negative energy.
   Fly:       It grants you flight.
Missiles
 d - 4 throwing nets
 i - 16 boomerangs (quivered)
 R - 14 javelins
 U - 2 silver boomerangs
Armour
 c - +6 gold dragon scales
 f - a +2 hat (worn)
 r - the +8 crystal plate armour of the Eternal Fruit (worn) {rF+ Str+6 Dex-3}
   (You bought it in a shop on level 1 of the Depths)

   Str:       It affects your strength (+6).
   Dex:       It affects your dexterity (-3).
   rF:        It protects you from fire.
 z - the +2 pair of gloves of Gravitas (worn) {rElec SInv}
   (You acquired it on level 3 of the Depths)

   rElec:     It insulates you from electricity.
   SInv:      It lets you see invisible.
 D - the +0 pair of boots of Noddu (worn) {rC++ Will+}
   (You found it on level 4 of the Spider Nest)

   rC:        It greatly protects you from cold.
   Will:      It increases your willpower.
 W - a +2 cloak of poison resistance (worn)
Jewellery
 w - the brooch of Shielding (around neck) {Spirit SH+8}
   (You found it on level 6 of the Lair of Beasts)

   [amulet of guardian spirit]

   It causes incoming damage to be divided between your reserves of health and
   magic.
   SH:        It affects your SH (+8).
 N - the ring "Ekloh" {rF+ rC+ Dex-2 SInv}
   (You bought it in a shop on level 13 of the Dungeon)

   [ring of protection from fire]

   Dex:       It affects your dexterity (-2).
   rF:        It protects you from fire.
   rC:        It protects you from cold.
   SInv:      It lets you see invisible.
 T - the ring "Wyagit" (left hand) {rElec rN+ rCorr Int+8}
   (You found it on level 2 of the Dungeon)

   [ring of resist corrosion]

   Int:       It affects your intelligence (+8).
   rElec:     It insulates you from electricity.
   rN:        It protects you from negative energy.
   rCorr:     It protects you from acid and corrosion.
 X - a +4 ring of evasion
 Y - a ring of protection from fire
 Z - the ring "Ifyesch" (right hand) {rPois Will+ Dex+2}
   (You found it in a Gauntlet)

   [ring of poison resistance]

   Dex:       It affects your dexterity (+2).
   rPois:     It protects you from poison.
   Will:      It increases your willpower.
Wands
 A - a wand of acid (16)
 B - a wand of iceblast (17)
 H - a wand of paralysis (13)
 I - a wand of digging (14)
 M - a wand of polymorph (17)
 O - a wand of mindburst (47)
 Q - a wand of charming (10)
Scrolls
 e - 16 scrolls of teleportation
 k - a scroll of fear
 s - 5 scrolls of immolation
 u - 2 scrolls of blinking {!r}
 x - a scroll of holy word
 E - 2 scrolls of brand weapon {!r}
Potions
 h - 8 potions of heal wounds
 o - 4 potions of resistance
 p - 3 potions of magic
 t - 3 potions of mutation {!q}
 G - 6 potions of ambrosia
 J - 15 potions of curing
 K - 4 potions of cancellation
 S - 12 potions of flight
Miscellaneous
 j - a phial of floods
 n - a box of beasts
 q - a tin of tremorstones (2/2)
 v - a condenser vane
 y - a phantom mirror


   Skills:
 + Level 23.6 Fighting
 - Level 24.0 Axes
 - Level 16.0 Throwing
 O Level 27 Armour
 * Level 25.1 Dodging
 - Level 10.2 Shields
 - Level 10.0 Invocations
 - Level 16.0 Evocations


You had 25 spell levels left.
You didn't know any spells.
Your spell library contained the following spells:

 Spells                   Type           Power      Damage    Failure   Level
 Animate Skeleton         Necr           0%         N/A       77%         1
 Apportation              Tloc           0%         N/A       77%         1
 Freeze                   Ice            0%         1d3       77%         1
 Magic Dart               Conj           0%         1d3       77%         1
 Pain                     Necr           0%         1d4       77%         1
 Sandblast                Erth           0%         2d4       77%         1
 Sting                    Tmut/Pois      0%         1d3       77%         1
 Summon Small Mammal      Summ           0%         N/A       77%         1
 Call Imp                 Summ           0%         N/A       88%         2
 Corpse Rot               Necr/Air       0%         N/A       88%         2
 Passwall                 Tmut/Erth      0%         N/A       88%         2
 Poisonous Vapours        Pois/Air       0%         N/A       88%         2
 Call Canine Familiar     Summ           0%         N/A       98%         3
 Confusing Touch          Hex            0%         N/A       98%         3
 Conjure Flame            Conj/Fire      0%         6-21      98%         3
 Dazzling Flash           Conj/Hex       0%         N/A       98%         3
 Frozen Ramparts          Ice            0%         1d2       98%         3
 Gell's Gravitas          Tloc           0%         N/A       98%         3
 Ignite Poison            Fire/Tmut/Pois 0%         N/A       98%         3
 Mephitic Cloud           Conj/Pois/Air  0%         N/A       98%         3
 Ozocubu's Armour         Ice            0%         N/A       98%         3
 Stone Arrow              Conj/Erth      0%         3d7       98%         3
 Summon Guardian Golem    Hex/Summ       0%         N/A       98%         3
 Vampiric Draining        Necr           0%         2d6       98%         3
 Anguish                  Hex/Necr       0%         N/A       100%        4
 Animate Armour           Summ/Erth      0%         N/A       100%        4
 Animate Dead             Necr           0%         N/A       100%        4
 Cause Fear               Hex            0%         N/A       100%        4
 Fulminant Prism          Conj/Hex       0%         3d6       100%        4
 Hailstorm                Conj/Ice       0%         3d3       100%        4
 Iskenderun's Mystic Bla  Conj/Tloc      0%         2d3       100%        4
 Leda's Liquefaction      Hex/Erth       0%         N/A       100%        4
 Olgreb's Toxic Radiance  Pois           0%         N/A       100%        4
 Passage of Golubria      Tloc           0%         N/A       100%        4
 Sticky Flame             Conj/Fire      0%         2d3       100%        4
 Summon Lightning Spire   Summ/Air       0%         N/A       100%        4
 Agony                    Necr           0%         N/A       100%        5
 Alistair's Intoxication  Tmut/Pois      0%         N/A       100%        5
 Borgnjor's Vile Clutch   Necr/Erth      0%         N/A       100%        5
 Freezing Cloud           Conj/Ice/Air   0%         6-21      100%        5
 Lee's Rapid Deconstruct  Erth           0%         3d5*      100%        5
 Manifold Assault         Tloc           0%         N/A       100%        5
 Silence                  Hex/Air        0%         N/A       100%        5
 Summon Forest            Summ/Tloc      0%         N/A       100%        5
 Summon Mana Viper        Hex/Summ       0%         N/A       100%        5
 Yara's Violent Unravell  Hex/Tmut       0%         3d3       100%        5
 Death Channel            Necr           0%         N/A       100%        6
 Dispersal                Tloc           0%         N/A       100%        6
 Statue Form              Tmut/Erth      0%         N/A       100%        6
 Summon Cactus Giant      Summ           0%         N/A       100%        6
 Dragon Form              Tmut           0%         N/A       100%        7
 Enfeeble                 Hex            0%         N/A       100%        7
 Haunt                    Necr/Summ      0%         N/A       100%        7
 Ozocubu's Refrigeration  Ice            0%         4d5       100%        7
 Ignition                 Fire           0%         3d3       100%        8
 Infestation              Necr           0%         N/A       100%        8
 Lehudib's Crystal Spear  Conj/Erth      0%         10d2      100%        8
 Chain Lightning          Conj/Air       0%         N/A       100%        9
 Dragon's Call            Summ           0%         N/A       100%        9
 Fire Storm               Conj/Fire      0%         5d1       100%        9
 Shatter                  Erth           0%         3d5*      100%        9


Dungeon Overview and Level Annotations

Branches:
Dungeon (15/15)            Temple (1/1) D:6            Lair (6/6) D:11
  Swamp (4/4) Lair:2       Spider (4/4) Lair:2        Slime (5/5) Lair:6
    Orc (2/2) D:11            Elf (3/3) Orc:2        Vaults (5/5) D:13
  Crypt (0/3) Vaults:2     Depths (4/4) D:15            Zot (5/5) Depths:4
Gauntlet (visited)

Altars:
Ashenzari
Cheibriados
Dithmenos
Elyvilon
Fedhas
Gozag
Hepliaklqana
Kikubaaqudgha
Makhleb
Nemelex Xobeh
Okawaru
Qazlal
Ru
Sif Muna
Trog
Uskayaw
Vehumet
Wu Jian
Xom
Yredelemnul
Zin
The Shining One
Jiyva

Shops:
D:1 :   D:10 (   D:13 *==[   Orc:2 =*[(   Elf:2 *   Elf:3 [[*   Vaults:5 [!=!
Depths:1 [:[

Portals:
Hell: Depths:1 Depths:2 Depths:3 Depths:4
Abyss: Depths:3
Pandemonium: Depths:2
Ziggurat: Depths:4

Annotations:
D:7 fly vault
D:15 1 runed translucent door, Lessamum's ghost, adept MfCK
Swamp:4 1 runed translucent door, Starlo's ghost, adept MiFi
Spider:1 Roxanne
Slime:5 Royal Jelly
Zot:3 3 runed translucent doors, stpyramids's ghost, legendary DDFi


Innate Abilities, Weirdness & Mutations

You have a pair of horns on your head.
You reflexively headbutt those who attack you in melee.
You have sharp toenails.
You are clumsy. (Dex -2)
Your body sometimes deteriorates upon taking damage.
Your magical capacity is low. (-10% MP)
You occasionally shout uncontrollably at your foes.
Your spells are a little easier to cast, but a little less powerful.
You expend magic power (3 MP) to strengthen your wands.
You have hidden genetic defects.


Message History

(N) Spider Nest (M) Slime Pits (O) Orcish Mines (E) Elven Halls (V) Vaults (C) Crypt (U) Depths (H) Hell (Z) Zot
Where to? (Enter - D:1 @ (x,y), ? - help)
You climb upwards.
There is a stone staircase leading down here.
There is a stone staircase leading up, spattered with blood here.
You climb upwards.
There is a stone staircase leading down here.
You see here a +0 chain mail.
There is a stone staircase leading up here.
You climb upwards.
There is a stone staircase leading down here.
There is a stone staircase leading up here.
You climb upwards.
Level annotation: fly vault
There is a stone staircase leading down here.
Things that are here:
a +0 robe; a +1 short sword
There is a stone staircase leading up, spattered with blood here.
You climb upwards.
There is a stone staircase leading down, spattered with blood here.
There is a stone staircase leading up here.
You climb upwards.
There is a stone staircase leading down here.
There is a stone staircase leading up here.
You climb upwards.
There is a stone staircase leading down here.
There is a stone staircase leading up here.
You climb upwards.
There is a stone staircase leading down here.
There is a stone staircase leading up here.
You climb upwards.
There is a stone staircase leading down here.
There is an open door here.
There is a stone staircase leading up here.
You climb upwards.
There is a stone staircase leading down here.
There is a staircase leading out of the dungeon here.
You have escaped!

#≈§≈≈§≈≈≈§.≈..#
#≈≈§≈§≈≈§≈§§..#
#≈≈§≈≈≈≈≈§§§..#
#≈≈≈§≈§§≈≈....#
#≈§§≈§≈≈≈.....#
#≈≈§≈§≈§...#..#
#≈≈≈.......#..#
#≈≈.....##...##
#.......#@...#
#...........##
#######.....#
#####.#
##.##############
####................
#...>...............
#.###.##############
#.# #.#


There were no monsters in sight!

Vanquished Creatures
  A dread lich (Zot:5)
  4 ancient liches
  7 orbs of fire
  The ghost of Cyqimiab the Merfolkian Porcupine, a legendary MfGl of Ru (Zot:1)
  7 Killer Klowns
  Boris (4 times) (Vaults:2 Depths:2 Depths:4 Vaults:4)
  Margery (Vaults:3)
  Saint Roka (Vaults:3)
  4 curse toes
  A profane servitor (D:11)
  Nikola (Swamp:4)
  A caustic shrike (Depths:3)
  9 golden dragons
  3 electric golems
  Mlioglotl (Spider:1)
  Rupert (Lair:2)
  A Tzitzimitl (Zot:5)
  22 tentacled monstrosities
  27 Orb Guardians
  Jorgrun (D:14)
  3 liches
  4 titans
  A walking divine tome (Depths:4)
  8 quicksilver dragons
  2 deep elf master archers (Elf:3)
  2 deep elf blademasters (Elf:3)
  A walking frostbound tome (Depths:3)
  6 acid blobs
  5 death cobs
  4 tengu reavers
  A sphinx (Vaults:5)
  An azure jelly (Slime:5)
  8 shadow dragons
  Donald (Vaults:4)
  2 thorn hunters (Swamp:4)
  A fenstrider witch (Swamp:3)
  21 storm dragons
  2 rockslimes
  5 draconian knights
  Aizul (Swamp:1)
  7 draconian scorchers
  13 deep elf sorcerers
  20 frost giants
  5 draconian monks
  4 orc warlords
  9 fire giants
  5 draconian shifters
  Louise (D:14)
  21 vault wardens
  An iron dragon (Vaults:5)
  4 emperor scorpions
  4 ghost moths
  7 deep elf elementalists
  A broodmother (Spider:4)
  18 ironbound preservers
  A ghoul (Swamp:1)
  24 very ugly things
  4 quicksilver oozes
  2 draconian stormcallers
  2 war gargoyles
  5 draconian annihilators
  14 stone giants
  4 eleionomae
  5 deep elf demonologists
  5 ironbound thunderhulks
  7 black draconians
  5 green draconians
  A vampire knight (Depths:4)
  A lorocyproca (Zot:1)
  7 dire elephants
  6 bunyips
  5 deep elf annihilators (Elf:3)
  Nessos (D:14)
  4 white draconians
  13 purple draconians
  7 entropy weavers
  5 spark wasps
  6 red draconians
  A minotaur (Gauntlet)
  14 yellow draconians
  Snorg (D:12)
  8 deep elf death magi
  2 green deaths
  2 crystal guardians
  A merfolk impaler (Depths:1)
  8 deep elf high priests
  6 fire dragons
  11 great orbs of eyes
  13 ettins
  2 shambling mangroves (Swamp:4)
  Josephine (D:10)
  13 yaktaur captains
  20 hydras
  3 rakshasas
  3 jorogumos
  37 vault guards
  2 peacekeepers
  3 ice dragons
  9 boulder beetles
  4 ogre magi
  2 ghost crabs (Swamp:4)
  8 ironbound frosthearts
  3 spriggan air magi
  11 centaur warriors
  A death knight (D:13)
  4 two-headed ogres
  7 death scarabs (Spider:4)
  32 dancing weapons
  2 tengu warriors
  3 deep troll shamans
  6 alligators
  7 death yaks
  The ghost of haplo13 the Chopper, a novice DsFi of Qazlal (D:9)
  A vampire mage (Depths:2)
  8 deep troll earth magi
  3 spriggan berserkers
  A soul eater (Depths:3)
  2 sun demons
  19 spriggans
  24 deep elf knights
  A spectral emperor scorpion (Spider:4)
  9 hell knights
  6 iron trolls
  Nergalle (D:10)
  3 salamander mystics
  4 goliath frogs
  12 pharaoh ants
  5 skeletal warriors (D:13)
  A sixfirhy (Depths:2)
  10 swamp dragons
  3 steelbarb worms
  54 deep trolls
  2 orb spiders (shapeshifter)
  2 sun moths (Spider:3)
  A swamp dragon (shapeshifter) (Elf:3)
  2 goliath frogs (shapeshifter)
  20 deep elf archers
  2 orange crystal statues
  16 bog bodies
  11 lindwurms
  9 wizards
  14 orb spiders
  A spectral wolf spider (Spider:4)
  5 phantasmal warriors
  A spectral jorogumo (Spider:4)
  A lindwurm (shapeshifter) (Depths:3)
  13 orc knights
  Pikel (D:7)
  30 deep elf pyromancers
  2 necromancers
  37 deep elf zephyrmancers
  19 ironbound convokers
  A wolf spider zombie (Spider:4)
  A cyclops (shapeshifter) (Depths:3)
  25 wolf spiders
  A salamander (shapeshifter) (Depths:3)
  13 cyclopes
  An orc sorcerer (Elf:3)
  37 ugly things
  6 will-o-the-wisps
  5 shining eyes
  3 manticores
  11 salamanders
  An elephant (shapeshifter) (Depths:3)
  22 moths of wrath
  3 elephants (Lair:5)
  9 torpor snails
  A rust devil (Depths:2)
  10 cane toads
  Maurice (D:10)
  3 orange demons
  A smoke demon (Depths:3)
  An apocalypse crab (Gauntlet)
  23 vault sentinels
  8 black mambas
  2 gargoyles
  A cane toad (shapeshifter) (D:14)
  3 rime drakes
  5 spectral redbacks (Spider:4)
  A hellion (Depths:3)
  30 yaktaurs
  7 demonic crawlers
  12 komodo dragons
  A kobold demonologist (D:11)
  A redback zombie (Spider:4)
  2 red devils (Depths:2)
  4 tengu conjurers
  3 freezing wraiths
  A queen bee (D:14)
  4 trolls
  10 tyrant leeches
  2 bloated husks
  A meliai (shapeshifter) (Depths:3)
  15 meliai
  A polar bear (Lair:6)
  A tarantella (shapeshifter) (Vaults:4)
  23 hornets
  A troll (shapeshifter) (Depths:3)
  A spectral jumping spider (Spider:4)
  37 tarantellas
  4 tarantella zombies (Spider:4)
  A spectral tarantella (Spider:4)
  2 jumping spider zombies (Spider:4)
  2 dream sheep (shapeshifter) (Depths:3)
  2 dream sheep (Lair:6)
  A blink frog (shapeshifter) (Depths:3)
  22 blink frogs
  48 slime creatures
  A raiju (Gauntlet)
  5 air elementals
  Sigmund (D:2)
  2 jumping spiders (shapeshifter) (Depths:3)
  5 wyverns
  34 culicivoras
  18 water elementals
  36 jumping spiders
  A shadow (D:9)
  Eustachio (D:6)
  2 humans (shapeshifter)
  6 basilisks
  A human (D:13)
  7 wraiths
  49 yaks
  2 fire elementals
  48 redbacks
  A neqoxec (Depths:2)
  8 wargs
  A steam dragon (Gauntlet)
  2 swamp worms (shapeshifter)
  15 vampire mosquitoes
  14 swamp worms
  25 water moccasins
  An acid dragon (D:11)
  7 swamp drakes
  A floating eye (Slime:3)
  A floating eye (shapeshifter) (Vaults:5)
  2 ice beasts
  22 orc warriors
  7 black bears
  A sky beast (D:7)
  An ice beast (shapeshifter) (Depths:3)
  25 wolves
  4 ogres
  9 boggarts
  5 necrophages
  4 lemures (D:7)
  8 centaurs
  3 kobold brigands
  A wyvern zombie (D:6)
  3 earth elementals
  12 bullfrogs
  A scorpion (D:5)
  A gnoll sergeant (Orc:1)
  26 killer bees
  14 wights
  7 electric eels
  3 howler monkeys
  A lava snake (Lair:5)
  2 centaur zombies (D:9)
  A hound (D:4)
  A jelly (D:4)
  Crazy Yiuf (D:6)
  8 orc priests
  A gnoll shaman (D:8)
  5 iguanas
  19 orc wizards
  3 killer bee zombies
  5 howler monkey zombies
  A howler monkey skeleton (D:6)
  12 gnolls
  8 adders
  A shadow imp (D:7)
  A white imp (D:7)
  An ufetubus (D:6)
  An adder skeleton (D:4)
  3 worms
  A worm (shapeshifter) (Depths:3)
  5 dart slugs
  69 orcs
  6 ball pythons
  5 bats
  6 endoplasms
  2 giant cockroaches (D:1)
  8 goblins
  7 hobgoblins
  11 jackals
  3 quokkas
  4 frilled lizards
  34 kobolds
  2 rats
2168 creatures vanquished.

Vanquished Creatures (collateral kills)
  A lich (Vaults:5)
  A draconian stormcaller (Zot:5)
  A black draconian (Zot:5)
  A moth of wrath (Zot:5)
  An orc priest (Vaults:5)
5 creatures vanquished.

Vanquished Creatures (others)
  2 deep elf knights (Elf:3)
  A jumping spider (Spider:4)
  A culicivora (Spider:1)
  A boggart (Elf:1)
  51 jellies
  An orc (Vaults:3)
  5 demonic plants (Gauntlet)
  18 foxfires
  99 fungi
  163 plants
  2 withered plants (D:15)
344 creatures vanquished.

Grand Total: 2517 creatures vanquished

Notes
Turn   | Place    | Note
-------+----------+-------------------------------------------
     0 | D:1      | fictitious the Minotaur Gladiator began the quest for the
                  | Orb.
     0 | D:1      | Reached XP level 1. HP: 18/18 MP: 0/0
   177 | D:1      | Reached XP level 2. HP: 25/25 MP: 1/1
   399 | D:1      | Found Baproceo's General Store.
   409 | D:1      | Found Oche's Book Boutique.
   529 | D:1      | Found Xoympi Zusk's Armour Emporium.
   537 | D:1      | Reached skill level 5 in Axes
   701 | D:1      | Reached XP level 3. HP: 30/30 MP: 2/2
   919 | D:1      | Found a radiant altar of Vehumet.
   939 | D:2      | Noticed Sigmund
  1347 | D:2      | Identified the ring "Wyagit" {rElec rN+ rCorr Int+8}
  1469 | D:2      | Reached XP level 4. HP: 37/37 MP: 3/3
  1662 | D:3      | Found a basalt altar of Yredelemnul.
  1725 | D:3      | Found a faded altar of an unknown god.
  1827 | D:3      | Reached XP level 5. HP: 29/42 MP: 4/4
  2956 | D:4      | Reached XP level 6. HP: 50/50 MP: 5/5
  3565 | D:5      | Entered Level 5 of the Dungeon
  3637 | D:5      | Reached XP level 7. HP: 47/56 MP: 6/6
  3711 | D:5      | Noticed a two-headed ogre
  3909 | D:4      | Reached skill level 10 in Axes
  4353 | D:6      | Found a staircase to the Ecumenical Temple.
  4358 | D:6      | Reached skill level 1 in Armour
  4361 | Temple   | Entered the Ecumenical Temple
  5015 | D:6      | Reached skill level 2 in Armour
  5096 | D:6      | Noticed Eustachio
  5112 | D:6      | Killed Eustachio
  5113 | D:6      | Reached XP level 8. HP: 55/64 MP: 7/7
  5360 | D:6      | Found a runed translucent door.
  5361 | D:6      | Noticed Crazy Yiuf
  5567 | D:6      | Reached skill level 3 in Armour
  6034 | D:7      | Identified the +8 dagger of the Twisting Wasp {vamp, rPois
                  | rC- MP+9 Int-3}
  6186 | D:7      | Noticed a hornet
  6191 | D:7      | Killed a hornet
  6192 | D:7      | Reached skill level 4 in Armour
  6192 | D:7      | Reached skill level 5 in Dodging
  6313 | D:7      | Reached skill level 5 in Fighting
  6560 | D:7      | Noticed a hornet
  6564 | D:7      | Killed a hornet
  6565 | D:7      | Reached XP level 9. HP: 74/74 MP: 8/8
  7134 | D:7      | Noticed Pikel
  7148 | D:7      | Killed Pikel
  7149 | D:7      | Reached skill level 5 in Armour
  7821 | D:7      | Reached skill level 6 in Armour
  8942 | D:7      | Reached XP level 10. HP: 42/83 MP: 9/9
  9527 | D:8      | Identified the +6 hunting sling of Acajeiq {flame, rPois
                  | Int+2}
  9712 | D:9      | Found a transporter.
  9719 | D:9      | Noticed haplo13's ghost (novice DsFi)
  9742 | D:9      | Found a transporter.
  9742 | D:9      | Noticed a moth of wrath
  9776 | D:9      | Reached skill level 7 in Armour
 10440 | D:9      | Noticed a deep elf zephyrmancer
 10455 | D:9      | Killed a deep elf zephyrmancer
 10615 | D:10     | Entered Level 10 of the Dungeon
 10615 | D:10     | Noticed Josephine
 10629 | D:9      | Reached skill level 15 in Axes
 10850 | D:10     | Noticed Nergalle
 10955 | D:10     | Noticed Maurice
 10977 | D:10     | Killed Maurice
 10978 | D:10     | Reached skill level 8 in Armour
 11032 | D:10     | Killed Nergalle
 11187 | D:10     | Killed Josephine
 11188 | D:10     | Reached XP level 11. HP: 85/95 MP: 10/10
 11249 | D:10     | Noticed a brown ugly thing
 11266 | D:10     | Killed a brown ugly thing
 11432 | D:10     | Found Ycanon's Weapon Shop.
 11771 | D:11     | Found a staircase to the Lair.
 11771 | D:11     | Noticed a two-headed ogre
 11771 | D:11     | Noticed a five-headed hydra
 11789 | D:11     | Reached skill level 9 in Armour
 11793 | D:11     | Killed a two-headed ogre
 11960 | D:5      | Killed a two-headed ogre
 12156 | D:2      | You fall into a shaft and drop 1 floor!
 12439 | D:2      | Killed Sigmund
 12928 | D:11     | Found a staircase to the Orcish Mines.
 13583 | D:11     | Killed a one-headed hydra
 13620 | D:11     | Reached skill level 10 in Fighting
 13620 | D:11     | Reached skill level 10 in Armour
 14029 | D:11     | Noticed a boulder beetle
 14062 | D:11     | Killed a boulder beetle
 14512 | Lair:1   | Entered Level 1 of the Lair of Beasts
 14926 | Lair:1   | Reached XP level 12. HP: 74/106 MP: 11/11
 15323 | Lair:1   | Identified the +0 chain mail "Diuhitops" {Str+3}
 15986 | Lair:2   | Reached skill level 5 in Throwing
 16712 | Lair:2   | Found a staircase to the Swamp.
 16788 | Lair:2   | Found a hole to the Spider Nest.
 17098 | Lair:2   | Noticed an eight-headed hydra
 17116 | Lair:2   | Killed a four-headed hydra
 17460 | Lair:2   | Noticed a boulder beetle
 17516 | Lair:2   | Killed a boulder beetle
 17724 | Lair:2   | Noticed a boulder beetle
 17745 | Lair:2   | Killed a boulder beetle
 19887 | Lair:4   | Reached XP level 13. HP: 95/113 MP: 12/12
 20597 | Lair:5   | Found a gate leading to a gauntlet.
 20601 | Gauntlet | Entered a Gauntlet
 20601 | Gauntlet | Found a transporter.
 20601 | Gauntlet | Found a transporter.
 20607 | Gauntlet | Found a transporter.
 20607 | Gauntlet | Found a large runed translucent door.
 20608 | Gauntlet | Found a large runed translucent door.
 20609 | Gauntlet | Found a large runed translucent door.
 20609 | Gauntlet | Found a large runed translucent door.
 20609 | Gauntlet | Found a runed translucent door.
 20609 | Gauntlet | Noticed a dire elephant
 20610 | Gauntlet | Found a large runed translucent door.
 20611 | Gauntlet | Found a large runed translucent door.
 20612 | Gauntlet | Found a large runed translucent door.
 20612 | Gauntlet | Found a large runed translucent door.
 20613 | Gauntlet | Found a runed translucent gate.
 20615 | Gauntlet | Found a transporter.
 20615 | Gauntlet | Noticed a dire elephant
 20621 | Gauntlet | Noticed a green death
 20625 | Gauntlet | Found a transporter.
 20625 | Gauntlet | Found a transporter.
 20649 | Gauntlet | Found a transporter.
 20651 | Gauntlet | Found a runed translucent gate.
 20651 | Gauntlet | Found a runed translucent gate.
 20653 | Gauntlet | Found a large runed translucent door.
 20654 | Gauntlet | Found a large runed translucent door.
 20656 | Gauntlet | Found a transporter.
 20672 | Gauntlet | Found a transporter.
 20685 | Gauntlet | Found a runed translucent door.
 20687 | Gauntlet | Found a transporter.
 20694 | Gauntlet | Found a large runed translucent door.
 20694 | Gauntlet | Found a large runed translucent door.
 20694 | Gauntlet | Found a large runed translucent door.
 20694 | Gauntlet | Found a large runed translucent door.
 20695 | Gauntlet | Found a large runed translucent door.
 20696 | Gauntlet | Found a large runed translucent door.
 20698 | Gauntlet | Found a transporter.
 20708 | Gauntlet | Found a transporter.
 20749 | Gauntlet | Found a transporter.
 20763 | Gauntlet | Found a transporter.
 20863 | Gauntlet | Found a transporter.
 20879 | Gauntlet | Found a transporter.
 20981 | Gauntlet | Identified the ring "Ifyesch" {rPois Will+ Dex+2}
 20985 | Gauntlet | Identified the +4 rapier of Arroniqu {drain, Int+4}
 21115 | Gauntlet | Killed a green death
 21122 | Gauntlet | Identified the +0 cloak "Rouny" {Int+9 Dex-2 Slay+4}
 21171 | Gauntlet | Identified the +1 plate armour "Raatov" {Dex+3}
 21171 | Gauntlet | Noticed a minotaur
 21182 | Gauntlet | Killed a minotaur
 22183 | Lair:5   | Reached skill level 1 in Evocations
 22445 | Lair:6   | Entered Level 6 of the Lair of Beasts
 22445 | Lair:6   | Found the brooch of Shielding {Spirit SH+8}
 22503 | Lair:6   | Found a staircase to the Slime Pits.
 22710 | Lair:5   | Reached skill level 10 in Dodging
 22736 | Lair:5   | Reached skill level 11 in Armour
 23104 | Lair:6   | Reached XP level 14. HP: 111/124 MP: 11/13
 23705 | D:1      | Bought a manual of Fighting for 1120 gold pieces
 24412 | Lair:6   | Reached skill level 12 in Armour
 24755 | Lair:6   | Identified the +1 ring mail of Terror {Will+ Int+3 Slay+5}
 25281 | Orc:1    | Entered Level 1 of the Orcish Mines
 25585 | Orc:2    | Entered Level 2 of the Orcish Mines
 25585 | Orc:2    | Found Medd's Jewellery Boutique.
 25781 | Orc:2    | Found Fastiur's General Store.
 26502 | Orc:2    | Noticed an orc warlord
 26521 | Orc:2    | Killed an orc warlord
 26600 | Orc:2    | Noticed a stone giant
 26618 | Orc:2    | Killed a stone giant
 26796 | Orc:2    | Found Vuam's Antique Weapon Boutique.
 26982 | Orc:2    | Found Weih Rikk's Antique Armour Boutique.
 27004 | Orc:2    | Reached skill level 13 in Armour
 27181 | Orc:2    | Found a staircase to the Elven Halls.
 27267 | Orc:2    | Bought a scroll of identify for 30 gold pieces
 27267 | Orc:2    | Bought 5 javelins for 60 gold pieces
 27267 | Orc:2    | Bought a scroll of teleportation for 45 gold pieces
 27379 | Orc:2    | Bought a pair of runed boots for 217 gold pieces
 27392 | Orc:2    | Bought a glowing cloak for 217 gold pieces
 27456 | Orc:2    | Bought a ring of protection from fire for 400 gold pieces
 27605 | Spider:1 | Entered Level 1 of the Spider Nest
 27890 | Spider:1 | Noticed Rupert
 27944 | Lair:2   | Killed Rupert
 27945 | Lair:2   | Reached skill level 15 in Fighting
 28131 | Lair:2   | Reached XP level 15. HP: 48/141 MP: 7/14
 29276 | Spider:1 | Reached skill level 14 in Armour
 29495 | Spider:1 | Noticed Roxanne
 29498 | Spider:1 | Noticed Mlioglotl
 29507 | Spider:1 | HP: 5/141 [Roxanne/crystal spear (50)]
 30130 | Spider:1 | Killed Mlioglotl
 32067 | Spider:3 | Reached skill level 15 in Armour
 32473 | Spider:3 | Reached skill level 10 in Throwing
 32497 | Spider:3 | Reached XP level 16. HP: 89/155 MP: 10/15
 33273 | Spider:4 | Entered Level 4 of the Spider Nest
 33946 | Spider:3 | Reached skill level 16 in Armour
 34343 | Spider:4 | Reached skill level 15 in Dodging
 35095 | Spider:4 | Reached skill level 5 in Evocations
 35639 | Spider:4 | Got a gossamer rune of Zot
 35645 | Spider:4 | Reached XP level 17. HP: 97/166 MP: 11/16
 35677 | Spider:4 | Identified the +0 pair of boots of Noddu {rC++ Will+}
 36239 | D:9      | Killed haplo13's ghost
 36629 | D:6      | Killed Crazy Yiuf
 36840 | Elf:1    | Entered Level 1 of the Elven Halls
 36860 | Elf:1    | Reached XP level 18. HP: 173/173 MP: 9/17
 36861 | Elf:1    | Reached skill level 1 in Invocations
 38921 | Elf:2    | Paralysed by an air elemental for 1 turns
 38925 | Elf:2    | Found Jangira's General Store.
 38925 | Elf:2    | Paralysed by an air elemental for 1 turns
 39103 | Elf:2    | Bought a scroll of fog for 36 gold pieces
 39103 | Elf:2    | Bought a wand of mindburst (4) for 144 gold pieces
 39110 | Elf:2    | Paralysed by an air elemental for 1 turns
 40135 | Elf:2    | Got Sif Muna's Almanac of Creative Dislocation
 40465 | Elf:2    | Reached skill level 5 in Invocations
 40935 | Elf:2    | Found a huge runed translucent gate.
 40935 | Elf:2    | Found a huge runed translucent gate.
 40935 | Elf:2    | Found a huge runed translucent gate.
 40936 | Elf:2    | Found a huge runed translucent gate.
 40938 | Elf:2    | Found a huge runed translucent gate.
 42368 | Elf:3    | Entered Level 3 of the Elven Halls
 42448 | Elf:3    | Reached skill level 1 in Shields
 42451 | Elf:3    | Found an ancient bone altar of Kikubaaqudgha.
 42559 | Elf:3    | Found Wounuv's General Store.
 42776 | Elf:3    | Bought a scroll of blinking for 142 gold pieces
 42781 | Elf:3    | Found Lumoq's Antique Armour Boutique.
 42825 | Elf:3    | Found Sentoid's Antique Armour Shop.
 43042 | Elf:3    | Reached XP level 19. HP: 184/184 MP: 20/22
 43068 | Elf:3    | Noticed a Tzitzimitl
 43069 | Elf:3    | Noticed a Brimstone Fiend
 43371 | Elf:3    | Paralysed by an air elemental for 1 turns
 43626 | Elf:3    | Noticed a Tzitzimitl
 43906 | Elf:3    | Noticed a Tzitzimitl
 43909 | Elf:3    | Noticed a Tzitzimitl
 43910 | Elf:3    | Reached skill level 5 in Shields
 44303 | Elf:3    | Reached skill level 10 in Evocations
 44555 | Elf:3    | Identified the +9 war axe "Dragonbane" {vorpal, rN+ Dex+2}
 44738 | Elf:3    | HP: 7/185 [deep elf master archer/arrow (24)]
 45395 | Elf:3    | Reached skill level 10 in Shields
 46420 | Swamp:1  | Entered Level 1 of the Swamp
 46999 | Swamp:1  | You fall into a shaft and drop 1 floor!
 47065 | Swamp:2  | Reached skill level 17 in Armour
 47227 | Swamp:2  | Identified the +1 robe of Sisot {rPois rC+++ Int-3 SInv}
 47286 | Swamp:2  | Identified the +6 falchion "Tacunkau" {drain, rN+ Int+4}
 47606 | Swamp:1  | Noticed Aizul
 47620 | Swamp:1  | Killed Aizul
 48824 | Swamp:3  | Reached skill level 18 in Armour
 49719 | Swamp:3  | Reached XP level 20. HP: 193/193 MP: 20/23
 49933 | Swamp:4  | Entered Level 4 of the Swamp
 50232 | Swamp:4  | Found a runed translucent door.
 50238 | Swamp:4  | Noticed Starlo's ghost (adept MiFi)
 50416 | Swamp:4  | Reached skill level 19 in Armour
 50464 | Swamp:4  | Noticed Nikola
 50476 | Swamp:4  | Killed Nikola
 50870 | Swamp:4  | Reached skill level 20 in Armour
 50881 | Swamp:4  | Got a decaying rune of Zot
 51931 | D:12     | Noticed Snorg
 51938 | D:12     | Killed Snorg
 52799 | D:13     | Found Anoujin's Assorted Antiques.
 53038 | D:13     | Bought a potion of curing for 72 gold pieces
 53038 | D:13     | Bought a scroll of brand weapon for 480 gold pieces
 53148 | D:13     | Found Hoitel's Jewellery Shoppe.
 53256 | D:13     | Bought the ring "Ekloh" {rF+ rC+ Dex-2 SInv} for 429 gold
                  | pieces
 53462 | D:13     | Reached skill level 21 in Armour
 53667 | D:13     | Found a gate to the Vaults.
 53730 | D:13     | Found Mosk's Jewellery Shop.
 53857 | D:13     | Found Waach's Armour Shoppe.
 54129 | D:14     | Noticed Nessos
 54136 | D:14     | Killed Nessos
 54527 | D:14     | Found a shimmering blue altar of Sif Muna.
 54669 | D:14     | Noticed Louise
 54695 | D:14     | Killed Louise
 54887 | D:14     | Noticed Jorgrun
 54895 | D:14     | Killed Jorgrun
 55152 | D:15     | Entered Level 15 of the Dungeon
 55167 | D:15     | Reached skill level 22 in Armour
 55304 | D:15     | Identified the +3 plate armour "Wytargh" {Drain rPois rCorr
                  | Stlth+}
 55581 | D:15     | Found a runed translucent door.
 55581 | D:15     | Noticed Lessamum's ghost (adept MfCK)
 55864 | D:15     | Found a staircase to the Depths.
 56199 | Vaults:1 | Entered Level 1 of the Vaults
 56441 | Vaults:1 | Got Sif Muna's Disquisition on Summoning and Displacement
 57008 | Vaults:1 | Reached skill level 23 in Armour
 57303 | Vaults:1 | Reached XP level 21. HP: 197/201 MP: 11/24
 58577 | Vaults:2 | Reached skill level 24 in Armour
 58604 | Vaults:2 | Noticed an ancient lich
 58615 | Vaults:2 | Killed an ancient lich
 59950 | Vaults:2 | Noticed Boris
 59952 | Vaults:2 | Reached skill level 25 in Armour
 59963 | Vaults:2 | Killed Boris
 60187 | Vaults:2 | Found a staircase to the Crypt.
 60187 | Vaults:2 | Found an ancient bone altar of Kikubaaqudgha.
 60187 | Vaults:2 | Found a basalt altar of Yredelemnul.
 61024 | Vaults:3 | Noticed Margery
 61036 | Vaults:3 | Killed Margery
 61216 | Vaults:3 | Noticed Saint Roka
 61235 | Vaults:3 | Killed Saint Roka
 62363 | Vaults:3 | You fall into a shaft and drop 1 floor!
 63616 | Vaults:4 | Reached skill level 26 in Armour
 63617 | Vaults:4 | Reached XP level 22. HP: 151/209 MP: 3/25
 64919 | Vaults:4 | Noticed a golden dragon
 64944 | Vaults:4 | Killed a golden dragon
 65178 | Vaults:4 | Noticed Donald
 65190 | Vaults:4 | Killed Donald
 66264 | Depths:1 | Entered Level 1 of the Depths
 66604 | Depths:1 | Found Josy's Armour Boutique.
 66642 | Depths:1 | Bought the +8 crystal plate armour of the Eternal Fruit
                  | {rF+ Str+6 Dex-3} for 1896 gold pieces
 66814 | Depths:1 | Found a gateway to Hell.
 67603 | Depths:1 | Found Menitun's Antique Armour Emporium.
 67718 | Depths:1 | Found Nedarph's Book Shop.
 68721 | Depths:2 | Noticed Boris
 68737 | Depths:2 | Killed Boris
 69121 | Depths:2 | Reached XP level 23. HP: 196/217 MP: 15/26
 69207 | Depths:2 | Found a sparkling altar of Nemelex Xobeh.
 69406 | Depths:2 | Found a stormy altar of Qazlal.
 69737 | Depths:2 | Found a one-way gate leading to the halls of Pandemonium.
 69738 | Depths:2 | Gained mutation: You are weak. (Str -2) [a neqoxec]
 69739 | Depths:2 | Gained mutation: You tend to lose your temper in combat. [a
                  | neqoxec]
 69782 | Depths:2 | Lost mutation: You are weak. (Str -2) [potion of mutation]
 69782 | Depths:2 | Lost mutation: You tend to lose your temper in combat.
                  | [potion of mutation]
 69782 | Depths:2 | Gained mutation: You have hidden genetic potential. [potion
                  | of mutation]
 69782 | Depths:2 | Gained mutation: You possess an exceptional clarity of
                  | mind. [potion of mutation]
 69782 | Depths:2 | Gained mutation: Your system is resistant to poisons.
                  | (rPois) [potion of mutation]
 69977 | Depths:3 | Found a one-way gate to the infinite horrors of the Abyss.
 69998 | Depths:3 | Found a radiant altar of Vehumet.
 70544 | Depths:3 | Noticed a caustic shrike
 70553 | Depths:3 | Killed a caustic shrike
 70983 | Depths:3 | Identified the +6 dagger "Tiruf" {vamp, Fly rElec rF-
                  | rN+++}
 70995 | Depths:3 | Noticed an ancient lich
 71007 | Depths:3 | Killed an ancient lich
 71109 | Depths:3 | Identified a scroll of acquirement
 71118 | Depths:3 | Acquired the +2 pair of gloves of Gravitas {rElec SInv}
 71145 | Depths:3 | Reached skill level 27 in Armour
 71157 | Depths:3 | Gained mutation: You are clumsy. (Dex -2) [a shining eye]
 71234 | Depths:3 | Got the Incunabulum of Noxious Malediction
 71237 | Depths:3 | Identified the +7 rapier of Undoing {elec, rC- Int+7 Dex+4
                  | Stlth+}
 71888 | Depths:4 | Entered Level 4 of the Depths
 72281 | Depths:4 | Found a gate to the Realm of Zot.
 72598 | Depths:4 | Noticed Boris
 72618 | Depths:4 | Killed Boris
 72683 | Depths:4 | Found a one-way gateway to a ziggurat.
 73408 | Depths:4 | Identified the +6 scale mail "Kyucoim" {rCorr Slay+2}
 73919 | Vaults:5 | Entered Level 5 of the Vaults
 74349 | Vaults:4 | Reached XP level 24. HP: 166/228 MP: 22/28
 74489 | Vaults:5 | Noticed Boris
 74517 | Vaults:4 | Gained mutation: You are partially covered in iridescent
                  | scales. (AC +2) [hidden potential]
 74815 | Vaults:4 | Killed Boris
 75902 | Vaults:5 | Got a silver rune of Zot
 75983 | Vaults:5 | Found Woopeck's Antique Armour Shoppe.
 75991 | Vaults:5 | Found Tammega's Distillery.
 75992 | Vaults:5 | Found Udoitt Dilar's Distillery.
 75996 | Vaults:5 | Bought a potion of curing for 66 gold pieces
 75996 | Vaults:5 | Bought a potion of curing for 66 gold pieces
 75996 | Vaults:5 | Bought a potion of resistance for 220 gold pieces
 75996 | Vaults:5 | Bought a potion of might for 88 gold pieces
 75996 | Vaults:5 | Bought a potion of might for 88 gold pieces
 75996 | Vaults:5 | Bought 2 potions of might for 176 gold pieces
 75996 | Vaults:5 | Found Woiskeun's Jewellery Shoppe.
 76213 | Vaults:5 | Identified the +0 leather armour "Lemmogyg" {Dex+3}
 76747 | Vaults:5 | Identified the +3 chain mail of Cealuc {Regen+ Str+4 Int+8
                  | Slay-6}
 76865 | Vaults:5 | Bought a potion of ambrosia for 184 gold pieces
 76865 | Vaults:5 | Bought a potion of resistance for 230 gold pieces
 76865 | Vaults:5 | Bought a potion of haste for 230 gold pieces
 76865 | Vaults:5 | Bought a potion of invisibility for 184 gold pieces
 76865 | Vaults:5 | Bought a potion of heal wounds for 115 gold pieces
 76865 | Vaults:5 | Bought a potion of flight for 69 gold pieces
 77199 | Slime:1  | Entered Level 1 of the Pits of Slime
 77237 | Slime:3  | Gained mutation: You do not regenerate when monsters are
                  | visible. [a shining eye]
 77246 | Slime:3  | Gained mutation: You are occasionally teleported next to
                  | monsters. [a shining eye]
 77248 | Slime:3  | Lost mutation: You are clumsy. (Dex -2) [a shining eye]
 77256 | Slime:3  | Lost mutation: You do not regenerate when monsters are
                  | visible. [potion of mutation]
 77256 | Slime:3  | Lost mutation: Your system is resistant to poisons. (rPois)
                  | [potion of mutation]
 77256 | Slime:3  | Gained mutation: You expend magic power (3 MP) to
                  | strengthen your wands. [potion of mutation]
 77257 | Slime:3  | Lost mutation: You have hidden genetic potential. [potion
                  | of mutation]
 77257 | Slime:3  | Lost mutation: You expend magic power (3 MP) to strengthen
                  | your wands. [potion of mutation]
 77257 | Slime:3  | Lost mutation: You are occasionally teleported next to
                  | monsters. [potion of mutation]
 77257 | Slime:3  | Gained mutation: Your muscles are strong. (Str +2) [potion
                  | of mutation]
 77257 | Slime:3  | Gained mutation: You do not regenerate when monsters are
                  | visible. [potion of mutation]
 77374 | Slime:5  | Entered Level 5 of the Pits of Slime
 77536 | Slime:5  | Noticed the Royal Jelly
 77540 | Slime:5  | Found a viscous altar of Jiyva.
 77544 | Slime:5  | Found the +7 captain's cutlass {speed, disarm}
 77547 | Slime:5  | Gained mutation: You have large cloven feet. [a shining
                  | eye]
 77548 | Slime:5  | Became a worshipper of Jiyva Jaosut the Shapeless
 77936 | Zot:1    | Entered Level 1 of the Realm of Zot
 79305 | Zot:1    | Reached XP level 25. HP: 237/237 MP: 29/29
 79328 | Zot:1    | Reached * piety under Jiyva
 79344 | Zot:1    | You fall into a shaft and drop 1 floor!
 80162 | Zot:2    | Noticed a Killer Klown
 80184 | Zot:2    | Killed a Killer Klown
 80185 | Zot:2    | Reached skill level 10 in Invocations
 80285 | Zot:2    | Reached ** piety under Jiyva
 80567 | Zot:2    | Noticed a Killer Klown
 80567 | Zot:2    | Noticed Cyqimiab's ghost (legendary MfGl)
 80568 | Zot:2    | Found a runed translucent gate.
 80569 | Zot:2    | Found a runed translucent gate.
 80570 | Zot:2    | Found a runed translucent gate.
 81207 | Zot:1    | Killed Cyqimiab's ghost
 81371 | Zot:2    | Killed a Killer Klown
 81435 | Zot:2    | Identified the +0 hat "Jubul" {rN+}
 81540 | Zot:3    | Found a runed translucent gate.
 81541 | Zot:3    | Found a runed translucent gate.
 81541 | Zot:3    | Found an ancient bone altar of Kikubaaqudgha.
 81542 | Zot:3    | Found a runed translucent gate.
 81543 | Zot:3    | Noticed a dread lich
 81543 | Zot:3    | Noticed stpyramids's ghost (legendary DDFi)
 81543 | Zot:3    | Noticed an ancient lich
 81544 | Zot:3    | Noticed a dread lich
 81544 | Zot:3    | Noticed a dread lich
 81586 | Zot:3    | Reached skill level 15 in Throwing
 81670 | Zot:3    | Reached *** piety under Jiyva
 81826 | Zot:3    | Lost mutation: Your muscles are strong. (Str +2) [Jiyva's
                  | grace]
 81826 | Zot:3    | Gained mutation: You have a small jelly attached to you
                  | that may absorb projectiles. [Jiyva's grace]
 81826 | Zot:3    | Gained mutation: You are agile. (Dex +2) [Jiyva's grace]
 81826 | Zot:3    | Gained mutation: You are very agile. (Dex +4) [Jiyva's
                  | grace]
 81826 | Zot:3    | Lost mutation: You have large cloven feet. [Jiyva's grace]
 81826 | Zot:3    | Gained mutation: You have sharp toenails. [Jiyva's grace]
 81946 | Zot:3    | Noticed a Killer Klown
 81968 | Zot:3    | Killed a Killer Klown
 82133 | Zot:3    | Reached **** piety under Jiyva
 82367 | Zot:4    | Reached skill level 15 in Evocations
 82371 | Zot:4    | Noticed an orb of fire
 82387 | Zot:4    | Killed an orb of fire
 83122 | Zot:5    | Entered Level 5 of the Realm of Zot
 83186 | Zot:5    | Reached ***** piety under Jiyva
 83753 | Zot:5    | Noticed an ancient lich
 83772 | Zot:5    | Killed an ancient lich
 83819 | Zot:5    | Noticed an orb of fire
 83829 | Zot:5    | Gained mutation: Your body sometimes deteriorates upon
                  | taking damage. [an orb of fire]
 83832 | Zot:5    | Lost mutation: You are very agile. (Dex +4) [an orb of
                  | fire]
 83833 | Zot:5    | Noticed an orb of fire
 83835 | Zot:5    | Noticed an orb of fire
 83836 | Zot:5    | Killed an orb of fire
 83836 | Zot:5    | Noticed a Killer Klown
 83837 | Zot:5    | Reached XP level 26. HP: 183/248 MP: 25/29
 83845 | Zot:5    | Noticed a dread lich
 83849 | Zot:5    | Gained mutation: Your body often deteriorates upon taking
                  | damage. [an orb of fire]
 83850 | Zot:5    | Lost mutation: You are agile. (Dex +2) [an orb of fire]
 83854 | Zot:5    | Lost mutation: You possess an exceptional clarity of mind.
                  | [an orb of fire]
 83871 | Zot:5    | Gained mutation: You are dopey. (Int -2) [an orb of fire]
 83876 | Zot:5    | Gained mutation: Armour fits poorly on your strangely
                  | shaped body. [an orb of fire]
 83880 | Zot:5    | Gained mutation: Your magical capacity is low. (-10% MP)
                  | [an orb of fire]
 83882 | Zot:5    | Gained mutation: You occasionally shout uncontrollably at
                  | your foes. [an orb of fire]
 83883 | Zot:5    | Killed an orb of fire
 83885 | Zot:5    | Noticed an orb of fire
 83886 | Zot:5    | Gained mutation: Your spells are a little easier to cast,
                  | but a little less powerful. [an orb of fire]
 83889 | Zot:5    | Gained mutation: You tend to lose your temper in combat.
                  | [an orb of fire]
 83890 | Zot:5    | Killed an orb of fire
 84005 | Zot:4    | Lost mutation: You occasionally shout uncontrollably at
                  | your foes. [potion of mutation]
 84005 | Zot:4    | Lost mutation: Your body often deteriorates upon taking
                  | damage. [potion of mutation]
 84005 | Zot:4    | Lost mutation: Your magical capacity is low. (-10% MP)
                  | [potion of mutation]
 84005 | Zot:4    | Lost mutation: You have a small jelly attached to you that
                  | may absorb projectiles. [potion of mutation]
 84005 | Zot:4    | Gained mutation: Your magical capacity is low. (-10% MP)
                  | [potion of mutation]
 84005 | Zot:4    | Gained mutation: You have a somewhat thin skeletal
                  | structure. (Dex +2, Stealth+) [potion of mutation]
 84006 | Zot:4    | Lost mutation: Your spells are a little easier to cast, but
                  | a little less powerful. [potion of mutation]
 84006 | Zot:4    | Lost mutation: You have sharp toenails. [potion of
                  | mutation]
 84006 | Zot:4    | Gained mutation: You have sharp toenails. [potion of
                  | mutation]
 84007 | Zot:4    | Lost mutation: You do not regenerate when monsters are
                  | visible. [potion of mutation]
 84007 | Zot:4    | Lost mutation: Armour fits poorly on your strangely shaped
                  | body. [potion of mutation]
 84007 | Zot:4    | Lost mutation: You are partially covered in iridescent
                  | scales. (AC +2) [potion of mutation]
 84007 | Zot:4    | Lost mutation: You are dopey. (Int -2) [potion of mutation]
 84007 | Zot:4    | Gained mutation: You have hidden genetic defects. [potion
                  | of mutation]
 84007 | Zot:4    | Gained mutation: You expend magic power (3 MP) to
                  | strengthen your wands. [potion of mutation]
 84008 | Zot:4    | Lost mutation: You expend magic power (3 MP) to strengthen
                  | your wands. [potion of mutation]
 84008 | Zot:4    | Lost mutation: You have a somewhat thin skeletal structure.
                  | (Dex +2, Stealth+) [potion of mutation]
 84008 | Zot:4    | Lost mutation: You tend to lose your temper in combat.
                  | [potion of mutation]
 84008 | Zot:4    | Gained mutation: You are clumsy. (Dex -2) [potion of
                  | mutation]
 84008 | Zot:4    | Gained mutation: You expend magic power (3 MP) to
                  | strengthen your wands. [potion of mutation]
 84027 | Zot:5    | Killed an orb of fire
 84444 | Zot:5    | Killed a dread lich
 84921 | Zot:5    | Gained mutation: Your spells are a little easier to cast,
                  | but a little less powerful. [hidden defects]
 84986 | Zot:5    | Noticed an orb of fire
 84988 | Zot:5    | Gained mutation: You occasionally shout uncontrollably at
                  | your foes. [an orb of fire]
 84990 | Zot:5    | Noticed an orb of fire
 84993 | Zot:5    | Noticed an ancient lich
 84998 | Zot:5    | Killed an orb of fire
 85006 | Zot:5    | Killed an ancient lich
 85008 | Zot:5    | Killed an orb of fire
 85814 | Zot:5    | Got the Orb of Zot
 85846 | Zot:5    | Noticed Lugieduiwk the pandemonium lord
 85895 | Zot:3    | Noticed Sonokku the pandemonium lord
 86379 | D:$      | Escaped with the Orb!

Illustrated notes

Levels and vault maps discovered:
D:1:      dpeg_arrival_lava_altar, layout_basic, serial_shops,
          nicolae_shop_stone, shop, nicolae_shop_hallway_stairs
D:2:      layout_loops_corners, uniq_sigmund
D:3:      layout_basic, mainiacjoe_overflow_small_starburst,
          chequers_ecumenical_altar_simple
D:4:      layout_loops_ring, st_stairs_11, chequers_serial_rivers_small_3,
          minmay_misc_feat_room
D:5:      layout_cave_pools
D:6:      layout_loops_cross, minmay_temple_entry_proselytizer, uniq_eustachio,
          uniq_crazy_yiuf_cottage
D:7:      kennysheep_kobold_camp, layout_layer_cave,
          hangedman_abyss_or_decor_stabs, water_maze_lemuel, uniq_pikel
D:8:      layout_loops_cross
D:9:      layout_basic, serial_glass, glass_columns_a, glass_columns_a,
          gammafunk_ghost_berserking_beasts, guppyfry_early_elven_hall
D:10:     layout_rooms, serial_shops, shop, uniq_maurice, uniq_josephine,
          uniq_nergalle
D:11:     layout_loops_ring, due_lair_maze_entry_diamond, erik_orc_1
D:12:     layout_layer_cave, uniq_snorg
D:13:     layout_rooms, grunt_vaults_entry_fortified, serial_shops, shop,
          nicolae_stop_n_shop_1, shop_coins, nicolae_take_the_stairs,
          minmay_misc_feat_ornament, minmay_crystal_water
D:14:     layout_roguey, nicolae_sif_muna_condensation, special_room
          [special_room_bee], uniq_nessos, uniq_jorgrun, uniq_louise
D:15:     hangedman_depths_entry_try_elsewhere_first, layout_rooms,
          gammafunk_ghost_grave, minmay_misc_feat_four_crosses,
          hangedman_glass_teeth, grunt_ministairs_9
Temple:   mainiacjoe_temple_circle_huts
Lair:1:   statuecave_lemuel, layout_cave_pods, nicolae_quartered_pool_medium,
          grunt_megastairs_5
Lair:2:   layout_small_grid, minmay_swamp_entry_worms, spider_nest_entry_webs,
          lemuel_fruit_tree, grunt_megastairs_4
Lair:3:   layout_chaotic_city, bh_autumn_forest_stairs
Lair:4:   layout_regular_city, serial_bayou_lagoon_a, grunt_megastairs_2,
          serial_bayou_shore_a
Lair:5:   layout_gridlike, serial_forest, infiniplex_forest_split,
          infiniplex_forest_clump_long, infiniplex_forest_lined_room_2,
          infiniplex_forest_corner_1, infiniplex_forest_lined_3,
          infiniplex_forest_lined_2, infiniplex_forest_lined_1,
          infiniplex_forest_straight_5, infiniplex_forest_lined_corner,
          infiniplex_forest_clump_small, gauntlet_entry_generic
Lair:6:   minmay_lair_end_enchanted_forest, layout_small_grid, slime_dummy
Swamp:1:  layout_falls_marsh, evilmike_swamp_ruin_rubble_1,
          hangedman_swamp_ravenous, uniq_aizul
Swamp:2:  layout_falls_marsh, evilmike_swamp_ruin_rubble_2, swamp_pool4
Swamp:3:  layout_basic_swamp, evilmike_swamp_ruin_house_3,
          nicolae_swamp_big_swirl
Swamp:4:  swamp_basic_johnstein, layout_basic_swamp,
          ebering_ghost_reflecting_pool, nicolae_swamp_fairy_circle,
          swamp_pool1, infiniplex_staircase_pool, uniq_nikola
Spider:1: layout_spider_delve, guppyfry_hornet_nest, uniq_mlioglotl,
          uniq_roxanne, uniq_rupert
Spider:2: layout_spider_delve
Spider:3: layout_spider_delve, hangedman_spider_tarantella_strand
Spider:4: floodkiller_spider_rune_tomb, special_room
Slime:1:  layout_caves
Slime:2:  layout_caves
Slime:3:  layout_caves
Slime:4:  layout_caves
Slime:5
Orc:1:    layout_caves
Orc:2:    grunt_orc_gardens, layout_diamond_mine, grunt_orc_garden,
          grunt_orc_garden, grunt_orc_garden, grunt_orc_garden
Elf:1:    eino_elf_arrival_customs, layout_geoelf_grid, hangedman_elf_disciples,
          grunt_megastairs_3
Elf:2:    elven_hall_of_blades_hangedman_alternative
          [nicolae_blade_entry_hurt_lockers], layout_geoelf_diagonals,
          serial_shops, nicolae_shop_statue_plus,
          minmay_checkered_concentric_circles
Elf:3:    nooodl_elf_gasket, layout_geoelf_castle, serial_shops, shop,
          nicolae_shop_hallway_stairs, shop, basic_altar
Vaults:1: v_pattern_4, ontoclasm_vaults_ring_large, vaults_dpeg_hooks,
          grunt_vaults_hallway_long, serial_ice_g, hangedman_vaults_pinch,
          vaults_dpeg_cross, ontoclasm_vaults_eye, vaults_standard_mumra_x,
          v_misc_15, layout_vaults_maze
Vaults:2: nicolae_vaults_arrows, vaults_room_octagon, v_pattern_1,
          hangedman_vaults_cutoff, hangedman_vaults_cutoff, v_misc_33,
          minmay_crypt_entry_necro_gods, v_misc_27, vaults_dpeg_ring,
          layout_vaults_omnigrid, uniq_boris
Vaults:3: nicolae_vaults_windows_and_doors_thing, vaults_room_hallway,
          ontoclasm_vaults_tryst, ontoclasm_vaults_idyll,
          nicolae_vaults_mini_display_case, nicolae_vaults_circle_grid_a,
          v_misc_12, v_misc_9, nicolae_vaults_little_squares_6, v_misc_17,
          nicolae_vaults_yaktaur_gun_rack, vaults_room_glass_cross,
          vaults_room_pools, layout_vaults_omnicross, uniq_margery,
          uniq_saint_roka
Vaults:4: ontoclasm_vaults_fault, nicolae_vaults_network_periphery,
          nicolae_vaults_halls_meeting, ontoclasm_vaults_twist, v_misc_30,
          grunt_vaults_trifunnel, hangedman_vaults_hat,
          grunt_vaults_hallway_short, v_misc_8, layout_vaults_chaotic_city,
          uniq_donald
Vaults:5
Depths:1: layout_cave_pools, hell_entry, serial_shops, shop,
          nicolae_lakefront_shop, kennysheep_little_box, serial_bayou,
          serial_bayou_shore_b, serial_bayou_lake_a, serial_bayou_pond_b,
          serial_bayou_shore_b, kennysheep_nondescript,
          eino_small_chamber_without_monster, minmay_strange_pillars,
          nrook_pool_corridor, minmay_metal_thing
Depths:2: hellmonk_crumbling_castle, layout_long_grid,
          nicolae_qazlal_eye_of_the_storm, grunt_pan_entry_zigzag, hell_entry,
          nemelex_lonely_heart_becter
Depths:3: vault_1, layout_gridville, hellmouth_1, abyss_entry_crystal,
          nicolae_vehumet_radiance, minmay_staircase_statues
Depths:4: grunt_zot_entry_bicorn, layout_cave_shapes, enter_ziggurat_e,
          hangedman_abyss_or_decor_stagger, pf_coc_iceberg,
          chequers_serial_rivers_micro_d
Zot:1:    layout_gridlike, grunt_ministairs_3
Zot:2:    layout_gridlike, gammafunk_ghost_split
Zot:3:    layout_onion, gammafunk_ghost_crypt, kennysheep_underground_church
Zot:4:    layout_gridlike, st_stairs_4, grunt_ministairs_15
Zot:5:    layout_onion, st_stairs_3

Skill      XL: |  1  2  3  4  5  6  7  8  9 10 11 12 13 14 15 16 17 18 19 20 21 22 23 24 25 26 |
---------------+-------------------------------------------------------------------------------+-----
Axes           | 4 5 6 7 8 9 10 12 14 15 17 19 20 21 22 23 24 | 24.0
Armour         | 2 4 6 8 10 11 13 15 16 18 23 26 27 | 27.0
Fighting       | 3 5 6 8 10 11 15 18 19 20 21 22 23 | 23.6
Dodging        | 4 5 6 8 10 12 13 16 17 20 21 22 23 25 | 25.1
Throwing       | 4 6 7 8 10 11 12 13 16 | 16.0
Evocations     | 2 7 9 10 12 14 15 16 | 16.0
Invocations    | 5 6 8 9 10 | 10.0
Shields        | 2 10 | 10.2

Action                   |  1- 3 |  4- 6 |  7- 9 | 10-12 | 13-15 | 16-18 | 19-21 | 22-24 | 25-27 || total
-------------------------+-------+-------+-------+-------+-------+-------+-------+-------+-------++-------
Melee: War axe           |    51 |   116 |   272 |   468 |       |       |       |       |       ||   907
       Headbutt          |     4 |    16 |    47 |   139 |   204 |   182 |   391 |   392 |   239 ||  1614
       Punch             |     2 |       |     6 |    10 |       |       |       |       |       ||    18
       Hand axe          |       |       |       |    12 |     4 |       |    29 |       |       ||    45
       Battleaxe         |       |       |       |    88 |   918 |   764 |  1362 |  1307 |   847 ||  5286
Throw: Stone             |     2 |       |       |       |       |       |       |       |       ||     2
       Boomerang         |     8 |    29 |    57 |    55 |    58 |    50 |   166 |    65 |    84 ||   572
       Dart              |       |     5 |    23 |    33 |       |       |       |       |       ||    61
       Javelin           |       |       |       |       |       |       |     1 |     8 |       ||     9
Evoke: Wand              |       |       |    12 |    13 |     6 |     2 |     7 |     7 |     3 ||    50
       Tin of tremorston |       |       |       |       |       |     1 |     2 |       |       ||     3
       Phial of floods   |       |       |       |       |       |       |     1 |       |       ||     1
       Phantom mirror    |       |       |       |       |       |       |       |       |     2 ||     2
       Condenser vane    |       |       |       |       |       |       |       |       |     1 ||     1
       Box of beasts     |       |       |       |       |       |       |       |       |     1 ||     1
  Use: Scroll            |       |     1 |     8 |    13 |    10 |     4 |    24 |    17 |    12 ||    89
       Potion            |       |       |       |       |     9 |     4 |     4 |     6 |    18 ||    41
 Stab: Held in net/web   |       |       |       |       |     3 |       |       |       |       ||     3
       Paralysed         |       |       |       |       |       |       |       |     3 |     2 ||     5
       Distracted        |       |       |       |       |       |       |       |       |     3 ||     3
       Invisible         |       |       |       |       |       |       |       |       |     4 ||     4
Armor: Leather armour    |    10 |       |       |       |       |       |       |       |       ||    10
       Pearl dragon scal |    13 |    45 |   118 |   181 |   422 |   311 |   142 |       |       ||  1232
       Ring mail         |       |       |       |       |     5 |       |       |       |       ||     5
       Gold dragon scale |       |       |       |       |       |       |   441 |   109 |       ||   550
       Crystal plate arm |       |       |       |       |       |       |       |   738 |   484 ||  1222
Dodge: Dodged            |    34 |    34 |   123 |   221 |   543 |   407 |   592 |   614 |   368 ||  2936
Block: Other             |       |       |       |       |   290 |   211 |   379 |   410 |   197 ||  1487
